 Dungeon Crawl Stone Soup version 0.26.1-11-gd32895ea62 (webtiles) character file.

Game seed: 16155866596161496202

11445 KapersCrawl the Ruffian (level 11, -5/107 HPs)
             Began as a Troll Transmuter on Apr 28, 2021.
             Was a Priest of Ru.
             Slain by a nine-headed hydra (9 damage)
             ... on level 1 of the Lair of Beasts.
             The game lasted 00:35:50 (12842 turns).

KapersCrawl the Ruffian (Troll Transmuter)         Turns: 12842, Time: 00:35:50

Health: -5/107     AC:  9    Str: 20    XL:     11   Next: 49%
Magic:  4/15       EV: 10    Int: 12    God:    Ru [***...]
Gold:   610        SH:  0    Dex: 10    Spells: 4/17 levels left

rFire    + . .     SeeInvis .     - Unarmed
rCold    . . .     Faith    .   (shield currently unavailable)
rNeg     + . .     Spirit   .   a - +0 robe
rPois    .         Reflect  .   (helmet restricted)
rElec    .         Harm     .   r - +2 cloak
rCorr    .         Rampage  .   (gloves unavailable)
Will     .....                  (boots unavailable)
Stlth    ..........             h - amulet of magic regeneration
HPRegen  0.67/turn              i - ring of wizardry
MPRegen  0.39/turn              t - ring of the Raven {*Drain rF+ rN+ Slay+5}

@: blade hands (expiring), very slightly contaminated, invisible
A: large, unfitting armour, claws 3, regeneration 1, shaggy fur 1, tough skin 3,
no stealth, hated by all, unskilled 1
a: End Transformation, Renounce Religion, Draw Out Power


You were on level 1 of the Lair of Beasts.
You worshipped Ru.
Ru was most pleased with you.
You had blades for hands.
You visited 3 branches of the dungeon, and saw 12 of its levels.
You also visited: Sewer.

You collected 610 gold pieces.

Inventory:

Missiles
 b - 64 poisoned darts (quivered)
 g - 226 stones
 q - a throwing net
 v - 5 atropa-tipped darts
Armour
 a - a +0 robe (worn)
 r - a +2 cloak (worn)
Jewellery
 e - an uncursed ring of positive energy {unknown}
 h - an amulet of magic regeneration (around neck)
 i - a ring of wizardry (left scythe-like blade)
 t - the ring of the Raven (right scythe-like blade) {*Drain rF+ rN+ Slay+5}
   (You found it on level 4 of the Dungeon)

   [ring of protection from fire]

   It affects your accuracy and damage with ranged weapons and melee attacks
   (+5).
   It protects you from fire.
   It protects you from negative energy.
   It causes draining when unequipped.
 w - an uncursed ring of fire {unknown}
 z - an uncursed amulet of guardian spirit {unknown}
 C - an uncursed ring of stealth {unknown}
 D - a cursed ring of teleportation {unknown}
 G - a +6 ring of intelligence {unknown}
 H - an uncursed ring of resist corrosion {unknown}
Wands
 m - a wand of paralysis (10)
 s - a wand of iceblast (5)
Scrolls
 c - 3 scrolls of remove curse
 f - 3 scrolls of immolation
 n - 2 scrolls of teleportation
 y - 2 scrolls of magic mapping
 F - a scroll of identify
Potions
 d - 2 potions of might
 j - 3 potions of heal wounds
 k - 2 potions of flight
 l - a potion of mutation
 o - 2 potions of curing
 p - a potion of lignification
 u - 2 potions of ambrosia
 x - a potion of magic
 A - 2 potions of haste {unknown}
 B - 2 potions of degeneration {unknown}


   Skills:
 + Level 6.4 Fighting
 - Level 1.7 Dodging
 - Level 7.2 Unarmed Combat
 - Level 3.6 Spellcasting
 - Level 7.2 Transmutations
 - Level 3.6 Ice Magic
 - Level 4.5 Poison Magic
 - Level 0.2 Evocations


You had 4 spell levels left.
You knew the following spells:

 Your Spells              Type           Power        Failure   Level
b - Spider Form           Tmut/Pois      8%           16%         3
c - Poisonous Vapours     Pois/Air       14%          26%         2
d - Frozen Ramparts       Ice            20%          26%         3
e - Blade Hands           Tmut           9%           41%         5

Your spell library contained the following spells:

 Spells                   Type           Power        Failure   Level
 Beastly Appendage        Tmut           38%          6%          1
 Sting                    Tmut/Pois      64%          9%          1
 Wereblood                Tmut           19%          9%          2
 Freeze                   Ice            40%          14%         1
 Ignite Poison            Fire/Tmut/Pois 11%          26%         3
 Ozocubu's Armour         Ice            10%          26%         3
 Ice Form                 Ice/Tmut       15%          34%         4
 Olgreb's Toxic Radiance  Pois           13%          43%         4
 Mephitic Cloud           Conj/Pois/Air  5%           45%         3
 Hailstorm                Conj/Ice       6%           71%         4
 Summon Small Mammal      Summ           Unusable     N/A         1
 Call Imp                 Summ           Unusable     N/A         2
 Call Canine Familiar     Summ           Unusable     N/A         3
 Summon Guardian Golem    Hex/Summ       Unusable     N/A         3
 Summon Ice Beast         Ice/Summ       Unusable     N/A         4
 Summon Lightning Spire   Summ/Air       Unusable     N/A         4

Dungeon Overview and Level Annotations

Branches:
Dungeon (10/15)            Temple (1/1) D:5            Lair (1/6) D:8
    Orc (0/2) D:9           Sewer (visited)

Altars:
Ashenzari
Cheibriados
Dithmenos
Elyvilon
Fedhas
Gozag
Hepliaklqana
Kikubaaqudgha
Makhleb
Nemelex Xobeh
Okawaru
Qazlal
Ru
Sif Muna
Trog
Uskayaw
Vehumet
Wu Jian
Xom
Yredelemnul
Zin
The Shining One


Innate Abilities, Weirdness & Mutations

You are too large for most types of armour.
You have claws for hands.
Your natural rate of healing is unusually fast.
You are covered in fur. (AC +1)
You have extremely tough skin. (AC +3)
You cannot be stealthy.
You are hated by all.
You are somewhat unskilled. (-1 Apt)


Message History

The eight-headed hydra bites you!
The eight-headed hydra closely misses you.
The eight-headed hydra bites you.
You focus your inner power and illuminate the eight-headed hydra in retribution!
The eight-headed hydra bites you.
* * * LOW HITPOINT WARNING * * *
The eight-headed hydra bites you!
* * * LOW HITPOINT WARNING * * *
The eight-headed hydra bites you but does no damage.
The eight-headed hydra misses you. The eight-headed hydra bites you.
* * * LOW HITPOINT WARNING * * *
You catch the helpless eight-headed hydra completely off-guard!
You slice one of the eight-headed hydra's heads off!
The seven-headed hydra grows two more!
You slice the nine-headed hydra!!
The nine-headed hydra is almost dead.
The nine-headed hydra is stunned by your conviction and fails to attack.
The nine-headed hydra bites you!
* * * LOW HITPOINT WARNING * * *
The nine-headed hydra bites you!
You die...

########### #P........#
##........## ##..........#
#...........# ##...........#
###...........####
##@.#.........##.#.
#####D.............#..#
##.#......##............
####..........##...........
#..........................
##.........................
#......................|...
....(........................
##..(.........................


You could see a nine-headed hydra (corona).

Vanquished Creatures
  A hydra (Lair:1)
  Pikel (D:6)
  4 cane toads (Lair:1)
  2 komodo dragons (D:8)
  2 trolls
  A hornet (D:7)
  Prince Ribbit (D:9)
  6 wyverns
  A wraith (D:6)
  3 yaks (D:10)
  2 water moccasins
  An acid dragon (D:8)
  9 orc warriors
  A hornet zombie (D:9)
  A phantom (D:7)
  7 sky beasts
  2 ice beasts (D:7)
  A black bear (D:10)
  A centaur (D:8)
  7 ogres
  A big kobold (D:7)
  2 bullfrogs (D:8)
  A gnoll sergeant (D:9)
  5 scorpions
  11 killer bees
  7 wights
  3 electric eels
  3 howler monkeys
  A bullfrog zombie (D:10)
  2 centaur zombies
  4 jellies
  3 hounds
  4 orc priests
  11 orc wizards
  3 bullfrog skeletons
  2 centaur skeletons
  Crazy Yiuf (D:3)
  A gnoll shaman (D:9)
  An iguana (D:5)
  9 worker ants
  A killer bee zombie (D:4)
  2 worker ant zombies
  11 gnolls
  16 adders
  2 shadow imps
  A white imp (D:8)
  2 ufetubi
  An adder skeleton (D:3)
  2 worms
  4 leopard geckos
  31 orcs
  4 ball pythons
  3 giant cockroaches
  7 goblins
  6 hobgoblins
  10 jackals
  19 kobolds
  2 quokkas
  11 bats
  6 frilled lizards
  A jackal skeleton (D:7)
  A leopard gecko skeleton (D:5)
  3 quokka skeletons
  12 rats
287 creatures vanquished.

Vanquished Creatures (others)
  8 plants (D:7)
8 creatures vanquished.

Grand Total: 295 creatures vanquished

Notes
Turn   | Place    | Note
-------+----------+-------------------------------------------
     0 | D:1      | KapersCrawl the Troll Transmuter began the quest for the
                  | Orb.
     0 | D:1      | Reached XP level 1. HP: 18/18 MP: 1/1
   164 | D:1      | Reached XP level 2. HP: 26/26 MP: 2/2
   399 | D:1      | Reached XP level 3. HP: 32/32 MP: 3/3
  1034 | D:2      | Found a sparkling altar of Nemelex Xobeh.
  1218 | D:2      | Learned a level 3 spell: Spider Form
  1403 | D:2      | Found a shadowy altar of Dithmenos.
  1455 | D:2      | Reached XP level 4. HP: 40/40 MP: 4/4
  1670 | D:3      | Reached skill level 5 in Unarmed Combat
  1682 | D:3      | Found a glowing drain.
  1711 | Sewer    | Entered a sewer
  1782 | Sewer    | Noticed a water moccasin
  1792 | Sewer    | Killed a water moccasin
  1793 | Sewer    | Reached XP level 5. HP: 43/46 MP: 3/5
  2569 | D:3      | Found a runed translucent door.
  2570 | D:3      | Noticed Crazy Yiuf
  2664 | D:3      | Killed Crazy Yiuf
  2665 | D:3      | Reached XP level 6. HP: 42/54 MP: 0/6
  2866 | D:4      | Learned a level 2 spell: Poisonous Vapours
  3265 | D:4      | Got a wavering silver ring
  3270 | D:4      | Found a burning altar of Makhleb.
  3282 | D:4      | Reached skill level 1 in Fighting
  3287 | D:4      | Identified the ring of the Raven {*Drain rF+ rN+ Slay+5}
                  | (You found it on level 4 of the Dungeon)
  4030 | D:4      | Reached XP level 7. HP: 66/66 MP: 0/7
  4289 | D:5      | Entered Level 5 of the Dungeon
  4480 | D:5      | Found a staircase to the Ecumenical Temple.
  4486 | Temple   | Entered the Ecumenical Temple
  4593 | Temple   | Became a worshipper of Ru the Awakened
  4899 | D:5      | Found a broken altar of Ashenzari.
  5186 | D:6      | Noticed Pikel
  5264 | D:6      | Reached XP level 8. HP: 78/78 MP: 10/10
  5525 | D:6      | Killed Pikel
  5686 | D:6      | Reached XP level 9. HP: 55/84 MP: 8/11
  5701 | D:6      | Learned a level 3 spell: Frozen Ramparts
  5879 | D:6      | Gained mutation: You are hated by all. [Ru sacrifice]
  5879 | D:6      | Reached * piety under Ru
  6424 | D:7      | Reached skill level 1 in Ice Magic
  7204 | D:7      | Found a bloodstained altar of Trog.
  7450 | D:7      | Paralysed by a hornet for 3 turns
  7718 | D:7      | Noticed a troll
  7732 | D:7      | Killed a troll
  8122 | D:7      | Found a bloodstained altar of Trog.
  8122 | D:7      | Found an opulent altar of Gozag.
  8131 | D:7      | Found a faded altar of an unknown god.
  8137 | D:7      | Reached XP level 10. HP: 76/92 MP: 15/15
  8168 | D:7      | Found a glowing silver altar of Zin.
  8170 | D:7      | Found a faded altar of an unknown god.
  8509 | D:8      | Found a white marble altar of Elyvilon.
  8565 | D:8      | Gained mutation: You cannot be stealthy. [Ru sacrifice]
  8565 | D:8      | Reached ** piety under Ru
  8763 | D:8      | Reached skill level 5 in Poison Magic
  8839 | D:8      | Reached skill level 5 in Transmutations
  8983 | D:8      | Found a staircase to the Lair.
  9251 | D:8      | Learned a level 5 spell: Blade Hands
  9749 | D:9      | Noticed Prince Ribbit
  9758 | D:9      | Killed Prince Ribbit
 10934 | D:9      | Reached XP level 11. HP: 100/100 MP: 11/16
 10935 | D:9      | Found a staircase to the Orcish Mines.
 11136 | D:10     | Entered Level 10 of the Dungeon
 11145 | D:10     | Found a glowing golden altar of the Shining One.
 11174 | D:10     | Gained mutation: You are somewhat unskilled. (-1 Apt) [Ru
                  | sacrifice]
 11174 | D:10     | Reduced skill Dodging to level 1
 11174 | D:10     | Reached *** piety under Ru
 11981 | D:10     | Reached skill level 5 in Fighting
 12368 | Lair:1   | Entered Level 1 of the Lair of Beasts
 12368 | Lair:1   | Noticed a six-headed hydra
 12373 | Lair:1   | Killed an eight-headed hydra
 12824 | Lair:1   | Noticed a six-headed hydra
 12842 | Lair:1   | HP: 4/107 [nine-headed hydra (12)]
 12842 | Lair:1   | Slain by a nine-headed hydra

Illustrated notes

Levels and vault maps discovered:
D:1:      psy_arrival_fountain, layout_loops_cross
D:2:      layout_basic, nemelex_xobeh_ov_fountains_minmay, grunt_dithmenos_smoke
D:3:      layout_loops_cross, cheibrodos_sewer_entry_drain, amethyst_killhole,
          uniq_crazy_yiuf_cottage
D:4:      layout_layer_cave, bloody_makhleb
D:5:      layout_gridville, kennysheep_mini_moat, minmay_temple_entry_ruins
D:6:      layout_basic, nicolae_zen_rock_garden, uniq_pikel
D:7:      nzn_winding_woodlands_three_and_one
          [nzn_winding_woodlands_5x15_crooked,
          nzn_winding_woodlands_5x15_lazy_stream,
          nzn_winding_woodlands_5x15_eye,
          nzn_winding_woodlands_center_triple_pond], layout_loops_corners,
          chequers_temple_overflow_minitemple, minmay_misc_feat_cross,
          kennysheep_donut, trog_three_pillars_becter
D:8:      layout_basic, erik_lair_dragon, grunt_ministairs_11, elyvilon_altar_4
D:9:      layout_long_grid, erik_orc_2, uniq_prince_ribbit1
D:10:     layout_grid_maze, basic_altar
Temple:   regret_index_temple_waves
Lair:1:   layout_hall_layers

Skill      XL: |  1  2  3  4  5  6  7  8  9 10 11 |
---------------+----------------------------------+-----
Unarmed Combat | 4 5 7 8 7 |  7.2
Poison Magic   | 2 3 4 5 4 |  4.5
Transmutations | 2 3 4 7 7 |  7.2
Fighting       | 2 4 6 |  6.4
Dodging        | 2 1 |  1.7
Spellcasting   | 2 4 3 |  3.6
Ice Magic      | 4 3 |  3.6
Evocations     | |  0.2

Action                   |  1- 3 |  4- 6 |  7- 9 | 10-12 || total
-------------------------+-------+-------+-------+-------++-------
Melee: Unarmed           |   106 |   115 |   206 |   289 ||   716
       Kick              |     7 |     7 |     4 |       ||    18
       Punch             |     2 |     1 |     3 |     2 ||     8
       Headbutt          |     2 |     6 |     4 |       ||    12
Throw: Dart              |     3 |     3 |     4 |     4 ||    14
 Cast: Beastly Appendage |    10 |    19 |     8 |       ||    37
       Spider Form       |       |     4 |    34 |    39 ||    77
       Poisonous Vapours |       |     3 |     2 |    22 ||    27
       Frozen Ramparts   |       |       |     3 |     5 ||     8
       Blade Hands       |       |       |       |    22 ||    22
Invok: Sacrifice Love    |       |       |     1 |       ||     1
       Sacrifice Stealth |       |       |       |     1 ||     1
       Sacrifice Skill   |       |       |       |     1 ||     1
Evoke: Wand              |       |       |       |     2 ||     2
  Use: Scroll            |       |     6 |    11 |     6 ||    23
       Potion            |       |     1 |     1 |     1 ||     3
 Stab: Sleeping          |     1 |       |       |     1 ||     2
       Invisible         |       |     2 |       |     6 ||     8
       Distracted        |       |       |       |     1 ||     1
Armor: Robe              |    53 |    33 |    24 |    27 ||   137
       Skin              |       |       |     7 |     4 ||    11
Dodge: Dodged            |    60 |    59 |   146 |   189 ||   454
